 Dungeon Crawl Stone Soup version 0.30-a0-43-gbbf338a72c (webtiles) character file.

Game seed: 8825255977361825550

731 Newt the Twirler (level 7, -11/54 HPs)
             Began as a Demonspawn Gladiator on Aug 31, 2022.
             Engulfed by a cloud of freezing vapour (27 damage)
             ... on level 4 of the Dungeon.
             The game lasted 00:05:43 (4010 turns).

Newt the Twirler (Demonspawn Gladiator)             Turns: 4010, Time: 00:05:43

Health: -11/54     AC:  8    Str: 16    XL:     7   Next: 45%
Magic:  7/7        EV: 13    Int: 13    God:
Gold:   224        SH:  0    Dex: 15    Spells: 6/6 levels left

rFire   . . .      SeeInvis .    r - +3 quarterstaff (chaos)
rCold   . . .      Faith    .    (shield currently unavailable)
rNeg    . . .      Spirit   .    b - +0 leather armour
rPois   +          Reflect  .    (helmet restricted)
rElec   .          Harm     .    s - +0 cloak
rCorr   .          Rampage  .    g - +2 pair of gloves
Will    +....                    q - +0 pair of boots
Stlth   ++........               (no amulet)
HPRegen 0.18/turn                l - ring of poison resistance
MPRegen 0.10/turn                x - ring of willpower

@: no status effects
A: horns 1, spiny 1, big brain 2
a: no special abilities


You were on level 4 of the Dungeon.
You visited 1 branch of the dungeon, and saw 4 of its levels.

You collected 257 gold pieces.
You spent 33 gold pieces at shops.

Inventory:

Hand Weapons
 a - a +1 rapier
 r - a +3 quarterstaff of chaos (weapon)
Missiles
 d - 2 throwing nets (quivered)
 e - 5 javelins
 t - 4 poisoned darts
 v - 3 boomerangs of dispersal
Armour
 b - a +0 leather armour (worn)
 c - a +0 helmet
 g - a +2 pair of gloves (worn)
 q - a +0 pair of boots (worn)
 s - a +0 cloak (worn)
Jewellery
 f - an amulet of faith
 l - a ring of poison resistance (left hand)
 x - a ring of willpower (right hand)
Wands
 u - a wand of polymorph (5)
 w - a wand of paralysis (7)
Scrolls
 h - a scroll of enchant armour
 p - 4 scrolls of fog
Potions
 i - 5 potions of curing
 j - 2 potions of resistance
 k - a potion of ambrosia
 m - 2 potions of degeneration {unknown}
 n - a potion of heal wounds {unknown}
 o - a potion of mutation {unknown}


   Skills:
 - Level 4.0 Fighting
 - Level 2.6 Short Blades
 - Level 5.0 Staves
 + Level 3.1 Throwing
 - Level 4.0 Dodging
 - Level 2.0 Stealth


You had 6 spell levels left.
You didn't know any spells.
Your spell library was empty.

Dungeon Overview and Level Annotations

Branches:
Dungeon (4/15)
 Temple: D:4-7

Altars:

Shops:
D:2 !

Annotations:
D:4 1 transporter


Innate Abilities, Weirdness & Mutations

You have a pair of small horns on your head.
You are partially covered in sharp spines.
You have an extremely huge brain. (Int +4)


Message History

You need to enable at least one skill for training.
Your Throwing skill increases to level 2!
You hit the ice beast.
You feel better.
Your headbutt misses the ice beast.
The ice beast is heavily wounded.
The ice beast hits you but does no damage.
Unknown command.
You thump the ice beast! Your headbutt misses the ice beast.
The ice beast is severely wounded.
The ice beast hits you but does no damage.
You barely miss the ice beast. Your headbutt misses the ice beast.
The ice beast is severely wounded.
The ice beast hits you but does no damage.
You closely miss the ice beast.
You headbutt the ice beast, but do no damage.
The ice beast is severely wounded.
The ice beast is struck by your spines.
The ice beast hits you but does no damage.
You closely miss the ice beast.
The ice beast is severely wounded.
The ice beast hits you. The ice beast freezes you!
You hit the ice beast.
You feel better.
The ice beast is almost dead.
The ice beast hits you. The ice beast freezes you!
Unknown command.
You sock the ice beast!
You kill the ice beast!
Your Throwing skill increases to level 3!
Unknown command.
You start resting.
You start resting.
HP restored.
Really walk into a travel-excluded area?
You are engulfed in freezing vapours.
Ouch! That really hurt!
There is an open gate here.
You are engulfed in freezing vapours.
* * * LOW HITPOINT WARNING * * *
You are engulfed in freezing vapours.
Ouch! That really hurt!
You die...

#.........÷..........>.....#.#
...........<..........[......##
.............................>#
..............#############...#
..#.###########°☼○☼°# #.###
..#.# #○°☼°○○#°○○○☼## ##.#
..#.####.○☼☼°☼#○○°○○######..#
....#..#○○#.#.○°○.$$#..##..##
#.#...©#°○©...°○@.[©#©....##
#.###..#○°#.#.°○○.$$#..#.## #.#
#..#.°○○°☼#○○☼○○####.# #.#
####.○☼○☼.#°○○○○###..# #.#
########○°°○○# #.##
#.######.##############.#
............##..........#
#.##...(....##.##########
#.##........##.#


There were no monsters in sight!

Vanquished Creatures
  3 ice beasts (D:4)
  A scorpion (D:3)
  Crazy Yiuf (D:2)
  An iguana (D:4)
  Natasha (thrice) (D:3)
  3 orc wizards (D:3)
  6 adders
  2 worms
  4 dart slugs
  8 orcs (D:3)
  11 ball pythons
  6 endoplasms
  3 giant cockroaches
  4 goblins
  8 hobgoblins
  7 kobolds
  4 quokkas
  8 bats
  3 frilled lizards
  4 rats
90 creatures vanquished.

Vanquished Creatures (collateral kills)
  An orc priest (D:3)
  A giant cockroach (D:3)
  A frilled lizard (D:3)
3 creatures vanquished.

Vanquished Creatures (others)
  A plant (D:2)
1 creature vanquished.

Grand Total: 94 creatures vanquished

Notes
Turn   | Place    | Note
-------+----------+-------------------------------------------
     0 | D:1      | Newt the Demonspawn Gladiator began the quest for the Orb.
     0 | D:1      | Reached XP level 1. HP: 16/16 MP: 1/1
   106 | D:1      | Reached skill level 1 in Stealth
   229 | D:1      | Gained mutation: You have an unusually large brain. (Int
                  | +2) [demonic ancestry]
   229 | D:1      | Reached XP level 2. HP: 21/22 MP: 2/2
   244 | D:1      | Found a faded altar of an unknown god.
   847 | D:1      | Reached XP level 3. HP: 26/28 MP: 3/3
  1186 | D:2      | Found Diudd's Distillery.
  1209 | D:2      | Bought a potion of curing for 33 gold pieces
  1581 | D:2      | Reached XP level 4. HP: 37/37 MP: 4/4
  1834 | D:2      | Found a runed translucent door.
  1835 | D:2      | Noticed Crazy Yiuf
  2054 | D:2      | Killed Crazy Yiuf
  2055 | D:2      | Reached skill level 1 in Staves
  2146 | D:3      | Reached skill level 2 in Staves
  2146 | D:3      | Gained mutation: You have a pair of small horns on your
                  | head. [demonic ancestry]
  2146 | D:3      | Reached XP level 5. HP: 31/42 MP: 5/5
  2354 | D:3      | Noticed Natasha
  2360 | D:3      | Killed Natasha
  2361 | D:3      | Reached skill level 3 in Staves
  2698 | D:3      | Reached skill level 4 in Staves
  2698 | D:3      | Gained mutation: You are partially covered in sharp spines.
                  | [demonic ancestry]
  2698 | D:3      | Reached XP level 6. HP: 48/48 MP: 6/6
  2728 | D:3      | Noticed Natasha
  2735 | D:3      | Killed Natasha
  3041 | D:3      | Noticed Natasha
  3049 | D:3      | Killed Natasha
  3422 | D:4      | Reached skill level 5 in Staves
  3503 | D:4      | Found a transporter.
  3505 | D:4      | Noticed an ice beast
  3505 | D:4      | Noticed an ice beast
  3508 | D:4      | Noticed an ice beast
  3598 | D:4      | Found a transporter.
  3803 | D:4      | Killed an ice beast
  3804 | D:4      | Gained mutation: You have an extremely huge brain. (Int +4)
                  | [demonic ancestry]
  3804 | D:4      | Reached XP level 7. HP: 54/54 MP: 7/7
  4010 | D:4      | Engulfed by a cloud of freezing vapour

Illustrated notes

Levels and vault maps discovered:
D:1:      lightli_arrival_quake, layout_basic,
          dilly_ecumenical_altar_fadedgnrine
D:2:      layout_loops_cross, serial_bayou, serial_bayou_shore_a,
          serial_bayou_ford_a, serial_bayou_pond_e, serial_bayou_pond_e,
          serial_bayou_pond_d, serial_shops, nicolae_shop_crystal,
          uniq_crazy_yiuf_cottage
D:3:      layout_basic, kennysheep_generic_room_13, uniq_natasha
D:4:      gammafunk_cloud_chamber, layout_basic, minmay_misc_feat_five

Skill      XL: |  1  2  3  4  5  6  7 |
---------------+----------------------+-----
Stealth        | 1 2 |  2.0
Fighting       | 3 4 |  4.0
Staves         | 2 4 5 |  5.0
Dodging        | 3 4 |  4.0
Throwing       | 3 |  3.1
Short Blades   | |  2.6

Action                   |  1- 3 |  4- 6 |  7- 9 || total
-------------------------+-------+-------+-------++-------
Melee: Rapier            |   149 |    25 |       ||   174
       Punch             |     1 |       |       ||     1
       Quarterstaff      |       |    93 |    11 ||   104
       Headbutt          |       |    13 |     1 ||    14
Throw: Throwing net      |       |     1 |       ||     1
       Dart              |       |     3 |       ||     3
  Use: Scroll            |     8 |     5 |       ||    13
 Stab: Sleeping          |     4 |     8 |       ||    12
       Held in net/web   |       |     1 |       ||     1
Armor: Leather armour    |    68 |    51 |     8 ||   127
Dodge: Dodged            |   119 |    72 |     4 ||   195

Table legend: (Time is in decaauts)
 A = Elapsed time spent in this place.
 B = Non-inter-level travel time spent in this place.
 C = Inter-level travel time spent in this place.
 D = Time resting spent in this place.
 E = Time spent auto-exploring this place.
 F = Levels seen in this place.
 G = Mean time per level.
                   A        B        C        D        E       F      G
               +--------+--------+--------+--------+--------+-----+--------+
         Total |   4075 |   3917 |    158 |    347 |   2814 |   4 | 1018.8 |
       Dungeon |   4075 |   3917 |    158 |    347 |   2814 |   4 | 1018.8 |
               +--------+--------+--------+--------+--------+-----+--------+

Top non-repeatable levels by time:
     D:1: 1123 daAuts
     D:2: 1041 daAuts
     D:3: 1019 daAuts
     D:4: 891 daAuts
